Map: Prion Terraces

Players

Solipsis

  • Race: Terran Terran
  • League: Silver

MooffinMan - Winner!

  • Race: Zerg Zerg

VOD

Have the link to the VOD?

Description

Time

  • Played on: Dec. 4, 2015, 5:46 a.m.
  • Length: 13:09
Show
View Real Time Build Order
Export as new Build Order

Solipsis Terran 

Build Orders:  

Get SALT Encoding   

  12  0:01  SCV  
  13  0:13  SCV  
  14  0:18  Supply Depot  
  14  0:25  SCV  
  15  0:36  Refinery  
  15  0:40  SCV  
  16  0:46  Barracks  
  16  0:55  SCV  
  17  1:01  Refinery  
  17  1:07  SCV  
  18  1:26  SCV  
  19  1:38  SCV  
  19  1:39  Reaper  
  21  1:52  Factory  
  21  1:58  Barracks  
  20  2:03  SCV  
  21  2:11  Supply Depot  
  21  2:15  SCV  
  22  2:16  Reaper  
  23  2:35  SCV  
  24  2:41  Factory Reactor  
  24  2:46  Supply Depot, Starport  
  23  3:01  Reaper  
  23  3:02  Reaper  
  24  3:37  Hellion x2  
  24  3:38  Reaper x2  
  30  3:42  Orbital Command  
  29  4:08  Hellion x2  
  33  4:10  Reaper  
  33  4:11  Reaper  
  35  4:18  SCV  
  35  4:30  SCV  
  36  4:42  SCV  
  36  4:54  Starport Tech Lab  
  36  4:56  Reaper x2  
  38  5:02  Supply Depot  
  38  5:15  Hellion  
  38  5:16  Hellion  
  32  5:24  Supply Depot  
  32  5:28  Marine x2  
  31  5:33  Engineering Bay  
  31  5:41  Widow Mine x2  
  35  5:45  Marine  
  35  5:46  Marine  
  33  6:03  Marine x2  
  31  6:04  Viking  
  20  6:21  Marine x2  
  16  6:35  SCV  
  16  6:39  Marine x2  
  18  6:47  SCV  
  19  6:57  Marine  
  19  6:59  SCV  
  21  7:12  SCV  
  22  7:24  SCV  
  23  7:36  SCV  
  24  7:45  Barracks Reactor, Barracks Tech Lab  
  24  7:48  SCV  
  23  8:00  SCV  
  23  8:03  Command Center  
  21  8:13  SCV  
  21  8:17  Supply Depot  
  22  8:25  SCV  
  23  8:29  Supply Depot  
  23  8:30  Marine  
  23  8:32  Marine  
  25  8:39  SCV  
  26  9:03  Medivac  
  26  9:05  SCV  
  29  9:16  Marine  
  29  9:17  Marine  
  30  9:18  SCV  
  30  9:19  Marine  
  33  9:30  SCV  
  34  9:34  Marine x2  
  36  10:02  Marine x3  
  37  10:19  Marine, Medivac  
  37  10:20  Marine x2  
  37  10:40  Marine x3  
  40  10:44  Orbital Command  
  40  10:58  Marine x2  
  37  11:21  SCV  
  37  11:23  SCV  
  39  11:30  Marine  
  40  11:33  SCV  
  40  11:35  SCV  
  42  11:40  Marine x2  
  42  11:45  SCV  
  45  11:47  SCV  
  46  11:54  Engineering Bay  
  46  11:57  SCV  
  46  11:59  SCV, Marauder  
  50  12:05  Starport Reactor  
  50  12:09  SCV  
  50  12:11  SCV  
  52  12:21  SCV  
  52  12:39  Marine x2  
Show
View Real Time Build Order
Export as new Build Order

MooffinMan Zerg - Winner!

Build Orders: Pool First, Muta Ling Bane 

Get SALT Encoding   

  12  0:02  Drone  
  13  0:11  Drone  
  14  0:15  Extractor  
  14  0:17  Drone  
  14  0:33  Spawning Pool  
  13  0:36  Drone  
  14  0:44  Overlord  
  14  1:07  Drone x2  
  16  1:13  Drone  
  17  1:20  Queen  
  17  1:23  Metabolic Boost  
  19  1:26  Zergling x2  
  20  1:35  Overlord  
  20  1:40  Drone  
  21  1:52  Drone  
  22  2:08  Hatchery  
  21  2:10  Drone  
  21  2:14  Extractor  
  21  2:18  Drone  
  21  2:21  Lair  
  22  2:33  Drone x2  
  22  2:36  Overlord  
  24  2:43  Drone  
  25  2:51  Drone  
  26  3:04  Evolution Chamber, Drone x2  
  27  3:06  Evolution Chamber  
  25  3:22  Spire  
  25  3:23  Zergling x2  
  25  3:24  Zergling x2  
  25  3:32  Drone x2  
  27  3:57  Drone x6  
  33  4:03  Queen  
  33  4:09  Zergling x4  
  38  4:10  Zergling x2  
  38  4:14  Overlord  
  38  4:22  Drone  
  38  4:27  Zergling x4  
  38  4:37  Mutalisk x2  
  41  4:43  Mutalisk x2  
  45  4:47  Zergling x6  
  48  4:53  Mutalisk  
  48  4:57  Overlord  
  52  5:07  Drone x2  
  46  5:22  Zerg Flyer Weapons Level 1  
  46  5:24  Extractor  
  46  5:25  Extractor  
  46  5:26  Drone x7  
  51  5:38  Drone x2  
  53  5:45  Zergling x10  
  57  6:03  Mutalisk  
  59  6:05  Overlord x2  
  59  6:12  Zergling x2  
  56  6:40  Overlord x2  
  56  6:42  Zergling x8  
  56  6:46  Zerg Ground Armor Level 1, Zerg Melee Weapons Level 1  
  60  6:50  Hatchery  
  60  6:53  Zergling x12  
  65  7:07  Baneling Nest  
  64  7:14  Queen  
  64  7:15  Drone x4  
  70  7:24  Zerg Flyer Weapons Level 2  
  70  7:25  Mutalisk x2  
  74  7:34  Overlord x2  
  74  7:48  Mutalisk x2  
  74  7:49  Mutalisk  
  79  7:51  Zergling x2  
  79  7:52  Zergling x8  
  84  8:04  Mutalisk  
  86  8:06  Zergling x6  
  86  8:12  Drone  
  90  8:16  Centrifical Hooks  
  90  8:18  Drone x2  
  92  8:30  Drone x8  
  100  8:37  Overlord x2  
  100  8:44  Drone x4  
  104  8:48  Zerg Melee Weapons Level 2  
  104  8:51  Zerg Ground Armor Level 2  
  104  8:59  Drone x5, Extractor  
  104  9:00  Extractor  
  104  9:02  Drone x2  
  109  9:15  Overseer  
  109  9:20  Pneumatized Carapace  
  109  9:23  Hatchery  
  108  9:28  Zergling x26  
  121  9:34  Overlord x2  
  121  9:35  Overlord  
  121  9:42  Overlord  
  121  9:43  Overlord  
  121  9:48  Zerg Flyer Armor Level 1  
  121  10:11  Baneling x13  
  121  10:12  Baneling x16  
  121  10:14  Zergling x20  
  129  10:41  Zergling x20  
  129  10:42  Zergling x6  
  142  11:03  Mutalisk x6  
  154  11:15  Mutalisk  
  154  11:16  Mutalisk x2  
  158  11:26  Queen  
  158  11:29  Drone x2  
  158  11:30  Drone  
  163  11:32  Extractor  
  163  11:33  Overlord  
  163  11:34  Overlord x2, Extractor  
  163  11:35  Mutalisk  
  163  11:36  Mutalisk x3  
  169  12:05  Drone x5  
  169  12:06  Zergling x2  
  169  12:07  Zergling x22  
  186  12:55  Baneling  
Tags
 
Add a new tag
Caveats
  • Supply blocks, unpowered buildings, or Contaminate may cause inaccurate times.
  • Supply counts are checked every 10 seconds.